 Dungeon Crawl Stone Soup version 0.19-a0-1886-gd64a0f0 (webtiles) character file.

22 Charmandara the Slasher (level 2, -3/19 HPs)
             Began as a High Elf Skald on Oct 16, 2016.
             Slain by a worm (10 damage)
             ... on level 2 of the Dungeon.
             The game lasted 00:01:46 (1154 turns).

Charmandara the Slasher (High Elf Skald)            Turns: 1154, Time: 00:01:46

Health: -3/19      AC:  3    Str: 11    XL:     2   Next: 68%
Magic:  4/6        EV: 11    Int: 15    God:
Gold:   66         SH:  0    Dex: 14    Spells: 3 memorised, 0 levels left

rFire  . . .     SeeInvis .     a - +0 falchion
rCold  . . .     Gourm    .     b - +0 leather armour
rNeg   . . .     Faith    .     (no shield)
rPois  .         Spirit   .     (no helmet)
rElec  .         Dismiss  .     (no cloak)
rCorr  .         Reflect  .     (no gloves)
MR     .....     Harm     .     (no boots)
Stlth  +.........               (no amulet)
                                (no ring)
                                (no ring)

@: infused
A: no striking features
a: no special abilities


You were on level 2 of the Dungeon.
You were hungry.

You visited 1 branch of the dungeon, and saw 2 of its levels.

You collected 66 gold pieces.

Inventory:

Hand Weapons
 a - a +0 falchion (weapon)
Missiles
 g - 6 silver tomahawks
 i - 27 stones
 o - 5 javelins (quivered)
 q - 24 sling bullets
Armour
 b - a +0 leather armour (worn)
Scrolls
 h - 2 scrolls of remove curse {unknown}
 l - 2 scrolls of identify {unknown}
 m - a scroll of teleportation {unknown}
 n - a scroll of enchant weapon {unknown}
 p - a scroll of enchant armour {unknown}
Potions
 e - a potion of flight {unknown}
 k - a potion of haste {unknown}
Books
 c - a book of Battle
Comestibles
 d - a bread ration {@e1}
 f - 2 slices of pizza


   Skills:
 - Level 2.0 Fighting
 * Level 3.7 Long Blades
 - Level 1.0 Throwing
 - Level 0.8 Armour
 + Level 1.1 Dodging
 - Level 2.4 Spellcasting
 - Level 3.6 Charms


You couldn't memorise any spells.
You knew the following spells:

 Your Spells              Type           Power        Failure   Level  Hunger
a - Infusion              Chrm           ##..         10%         1    #......
s - Shroud of Golubria    Chrm/Tloc      #.........   24%         2    ###....
S - Song of Slaying       Chrm           ##......     12%         2    ###....


Dungeon Overview and Level Annotations

Branches:
Dungeon (2/15)

Altars:


Message History

There are monsters nearby!
There are monsters nearby!
You begin infusing your attacks with magical energy.
The goblin shouts!
The hobgoblin hits you but does no damage.
You now have 5/6 mp.
Unknown command.
You hit the hobgoblin.
The hobgoblin hits you but does no damage.
You now have 4/6 mp.
You barely miss the hobgoblin. The hobgoblin hits you.
You take 4 damage, and have 15/19 hp.
MASSIVE DAMAGE!!
You hit the hobgoblin!
You kill the hobgoblin!
Your magical infusion is running out.
The goblin barely misses you.
You now have 3/6 mp.
Unknown command.
You barely miss the goblin. The goblin barely misses you.
You riposte.
You hit the goblin!
You kill the goblin!
You now have 2/6 mp.
You start resting.
You are no longer magically infusing your attacks.
Unknown command.
Unknown command.
You start resting.
Some of the chunks of flesh in your inventory have rotted away.
Health restored: 19; MP restored: 6 You now have 57 gold pieces (gained 9).
You now have 66 gold pieces (gained 9).
o - 5 javelins
p - a scroll labeled PAM MALOUROSSA
q - 24 sling bullets Some of the chunks of flesh in your inventory have rotted away.
You open the door.
There is an open door here.
l - 2 scrolls labeled FUC LOEMMAKHIXIYW (gained 1) All of the chunks of flesh in your inventory have rotted away.
There is an open door here.
There is an open door here.
You see here 12 bolts.
You see here a leather armour.
There is a stone staircase leading down here.
You are feeling hungry.
Quiver which item? (- for none, * to show all) (? for menu, Esc to quit)
Quivering
o - 5 javelins for throwing.
There is a stone staircase leading down here.
There is an open door here.
You enter the shallow water.
Moving in this stuff is going to be slow.
You enter the shallow water.
Moving in this stuff is going to be slow.
You enter the shallow water.
Moving in this stuff is going to be slow.
Done exploring.
Done exploring.
Done exploring.
(D) Dungeon
Where to? (? - help)
You enter the shallow water.
Moving in this stuff is going to be slow.
There is an open door here.
There is a stone staircase leading down here.
You climb downwards.
There is a stone staircase leading up here.
Unknown command.
Okay, then.
A dart slug comes into view.
A dart slug is nearby!
A worm comes into view.
The dart slug launches a dart at you. The slug dart hits you!
You take 6 damage, and have 13/19 hp.
MASSIVE DAMAGE!!
A bat and a jackal come into view.
The jackal barks!
The bat moves out of view.
The dart slug launches a dart at you.
The slug dart hits you! 2 jackals come into view.
You take 5 damage, and have 8/19 hp.
MASSIVE DAMAGE!!
Unknown command.
You begin infusing your attacks with magical energy.
The jackal barks!
The bat barely misses you.
The dart slug bites you but does no damage.
You now have 5/6 mp.
Unknown command.
You hit the dart slug! The bat hits you.
The dart slug bites you but does no damage.
You take 1 damage, and have 7/19 hp.
You now have 4/6 mp.
You completely miss the dart slug. The bat hits you but does no damage.
The worm closely misses you. The dart slug closely misses you.
You completely miss the dart slug. The bat barely misses you.
The worm bites you!
Ouch! That really hurt!
You die...

.#.......#.#
.......<.#.####
#.............##
...≈.≈.≈.≈.≈.≈)#
................
.≈.≈.≈.≈.≈.≈.≈.≈
...........$..?.
.≈.≈.≈w≈.≈.≈.≈.≈
......b@........
.≈.≈.≈w≈.≈.≈.≈!≈
....hhh.........
.≈.≈.≈.≈.≈.≈.≈.≈
................
.≈.≈.≈.≈.≈.≈.≈.≈
................
.≈!≈.≈.≈.≈.≈.≈.


You could see a worm, a dart slug, 3 jackals and a bat.

Vanquished Creatures
  An ooze (D:1)
  A giant cockroach (D:1)
  3 goblins (D:1)
  5 hobgoblins (D:1)
  A bat (D:1)
  A frilled lizard (D:1)
  2 kobolds (D:1)
  2 rats (D:1)
16 creatures vanquished.

Notes
Turn   | Place    | Note
-------+----------+-------------------------------------------
     0 | D:1      | Charmandara the High Elf Skald began the quest for the Orb.
     0 | D:1      | Reached XP level 1. HP: 14/14 MP: 4/4
   282 | D:1      | Reached skill level 3 in Long Blades
   368 | D:1      | Reached XP level 2. HP: 9/19 MP: 1/6
   611 | D:1      | Reached skill level 1 in Throwing
   680 | D:1      | Learned a level 2 spell: Song of Slaying
   683 | D:1      | Learned a level 2 spell: Shroud of Golubria
  1154 | D:2      | Slain by a worm

Vault maps used:
D:1:      lightli_arrival_farm
D:2:      first_bread, roderic_serpentine_path, kennysheep_crisscross,
          minmay_small_reverse_x

Skill      XL: |  1  2 |
---------------+-------+-----
Long Blades    | 3 |  3.7
Throwing       | 1 |  1.0
Fighting       | |  2.0
Armour         | |  0.8
Dodging        | |  1.1
Spellcasting   | |  2.4
Charms         | |  3.6

Action                   || total
-------------------------++-------
Melee: Falchion          ||    33
 Cast: Infusion          ||     9
Armor: Leather armour    ||    12
Dodge: Dodged            ||    19
       Rpst.: Falchion   ||     4

Vault maps used:
D:1:      lightli_arrival_farm
D:2:      first_bread, roderic_serpentine_path, kennysheep_crisscross,
          minmay_small_reverse_x

Table legend:
 A = Turns spent in this place as a percentage of turns spent in the entire game.
 B = Non-inter-level travel turns spent in this place as a percentage of non-inter-level travel turns spent in the entire game.
 C = Inter-level travel turns spent in this place as a percentage of turns spent in this place.
 D = Turns resting spent in this place as a percentage of non-inter-level travel turns spent in this place.
 E = Turns spent auto-exploring this place as a percentage of non-inter-level travel turns spent in this place.
 F = Non-inter-level travel turns spent in this place divided by the number of levels of this place that you've seen.
                   A       B       C       D       E      F
               +-------+-------+-------+-------+-------+----------------------
         Total | 100.0 | 100.0 |   0.5 |  10.8 |  13.4 |  93.0
       Dungeon | 100.0 | 100.0 |   0.5 |  10.8 |  13.4 |  93.0
               +-------+-------+-------+-------+-------+----------------------

Table legend:
 A = Kills in this place as a percentage of kills in entire the game.
 B = Kills by you in this place as a percentage of kills by you in the entire game.
 C = Kills by friends in this place as a percentage of kills by friends in the entire game.
 D = Other kills in this place as a percentage of other kills in the entire game.
 E = Experience gained in this place as a percentage of experience gained in the entire game.
 F = Experience gained in this place divided by the number of levels of this place that you have seen.
                   A       B       C       D       E      F
               +-------+-------+-------+-------+-------+----------------------
         Total | 100.0 | 100.0 |  -nan |  -nan | 100.0 |  16.0
       Dungeon | 100.0 | 100.0 |  -nan |  -nan | 100.0 |  16.0
               +-------+-------+-------+-------+-------+----------------------
